 Dungeon Sprint DCSS version 0.28.0-43-g3370ac3207 (webtiles) character file.

Game seed: 5410724800524930880

6600000 smarlow the Archmage (level 24, -9/208 HPs)
             Began as a Djinni Warper on Mar 9, 2022.
             Was the Champion of Makhleb.
             Mangled by a meat beast (13 damage)
             ... in the Dungeon (Sprint VIII: "Arena of Blood").
             The game lasted 00:03:11 (66 turns).

smarlow the Archmage (Djinni Warper)                  Turns: 66, Time: 00:03:11

Health: -9/208     AC:  6    Str: 10    XL:     24   Next: 97%
Gold:   0          EV: 35    Int: 16    God:    Makhleb [******] SH:  0 Dex: 24

rFire   + + .      SeeInvis +   i - +∞ Axe of Woe
rCold   x . .      Faith    .   (shield currently unavailable)
rNeg    . . .      Spirit   .   b - +0 leather armour
rPois   ∞          Reflect  .   (no helmet)
rElec   .          Harm     .   (no cloak)
rCorr   .          Rampage  .   (no gloves)
Will    ++...      NoTele   +   (boots unavailable)
Stlth   +++++++...              (no amulet)
HPRegen 0.44/turn               j - ring of see invisible
MPRegen 0.00/turn               (no ring)

@: flying
A: sickness immunity, fire resistance 2, cold vulnerability 1, float, innate
caster, HP casting, extra vitality 1
a: Renounce Religion, Minor Destruction, Lesser Servant of Makhleb, Major
Destruction, Greater Servant of Makhleb


You were in the Dungeon.
You worshipped Makhleb.
Makhleb was exalted by your worship.
You visited 1 branch

Inventory:

Hand Weapons
 a - a +0 hand axe
 i - the +∞ Axe of Woe (weapon)
   (You found it in the Dungeon)
Missiles
 d - 5 boomerangs of dispersal (quivered)
Armour
 b - a +0 leather armour (worn)
Jewellery
 j - a ring of see invisible (left hand)
Scrolls
 c - 2 scrolls of blinking
Potions
 e - a potion of curing
 f - a potion of heal wounds
 g - a potion of haste
 h - a potion of berserk rage


   Skills:
 O Level 27 Fighting
 + Level 16.6(19.4) Short Blades
 + Level 16.6(19.4) Long Blades
 O Level 27 Axes
 + Level 15.3(24.4) Maces & Flails
 + Level 15.3(24.4) Polearms
 + Level 16.6(21.7) Staves
 + Level 15.3(22.8) Slings
 + Level 15.3 Bows
 + Level 15.4 Crossbows
 O Level 27 Throwing
 O Level 27 Armour
 O Level 27 Dodging
 + Level 16.6 Stealth
 + Level 16.9 Shields
 + Level 16.9 Unarmed Combat
 O Level 27 Spellcasting
 + Level 17.0 Invocations
 + Level 16.9 Evocations


You had 8 spell levels left.
You knew the following spells:

 Your Spells              Type           Power      Damage    Failure   Level
a - Blink                 Tloc           100%       N/A       0%          2
b - Lesser Beckoning      Tloc           82%        N/A       0%          3
c - Gell's Gravitas       Tloc           82%        N/A       0%          3
d - Teleport Other        Tloc           82%        N/A       0%          3
e - Manifold Assault      Tloc           82%        N/A       0%          5
f - Magic Dart            Conj           100%       1d8       0%          1
g - Wereblood             Tmut           82%        N/A       0%          2
h - Tukima's Dance        Hex            82%        N/A       0%          3
i - Summon Ice Beast      Ice/Summ       82%        N/A       0%          4
j - Yara's Violent Unrav  Hex/Tmut       41%        3d16      0%          5
k - Fireball              Conj/Fire      41%        3d17      0%          5
l - Dispersal             Tloc           41%        N/A       0%          6
m - Starburst             Conj/Fire      41%        6d12      0%          6
n - Monstrous Menagerie   Summ           41%        N/A       1%          7
o - Orb of Destruction    Conj           41%        9d11      1%          7
p - Storm Form            Tmut/Air       41%        N/A       1%          7
Your spell library was empty.

Dungeon Overview and Level Annotations

Branches:
Dungeon (1/1)

Altars:
Makhleb


Innate Abilities, Weirdness & Mutations

You are immune to sickness and miasma.
You are immune to poison.
Your flesh is very heat resistant. (rF++)
You are vulnerable to cold. (rC-)
You float through the air rather than walking.
You learn spells naturally, not from books.
Your magical power is your life essence.
You have superior vitality. (+4 MHP)


Message History

Your body is wracked with pain!
Casting: Starburst (safe; 0% risk of failure)
Confirm with . or Enter, or press ? or * to list all spells.
Casting: Starburst (safe; 0% risk of failure)
Press: ? - help, Dir - look around, f - activate
Okay, then.
Casting: Starburst (safe; 0% risk of failure)
Confirm with . or Enter, or press ? or * to list all spells.
Casting: Dispersal (safe; 0% risk of failure)
Press: ? - help, Dir - look around, f - activate The meat beast blinks!
The meat beast appears confused.
The bag of meat blinks!
You hear a shout! x13 2 meat berserkers come into view.
You hear a shout! x11
The dread throws damnation at you.
The sphere of damnation explodes!
The damnation engulfs you!!!
* * * LOW HITPOINT WARNING * * *
You hear a shout! x5
You hear a shout! x9
The meat berserker rages.
The dread throws damnation at you.
The sphere of damnation explodes!
The damnation engulfs you!!
* * * LOW HITPOINT WARNING * * *
You hear a shout! x2
A meat berserker comes into view. It is wielding a +9 battleaxe.
The meat berserker shouts!
The meat beast bites you!
* * * LOW HITPOINT WARNING * * *
The meat beast tramples you.
* * * LOW HITPOINT WARNING * * *
You hold your ground!
You hear a shout! x12
The dread calls on the powers of darkness!
The bag of meat convulses!
Your body is wracked with pain!
* * * LOW HITPOINT WARNING * * *
The meat beast completely misses you.
The meat beast tramples you but does no damage.
You hear a shout!
The meat beast bites you!
You die...

#################
##.....))........###
......W))o.2@....O..
......##)##.#####...
....o...)).......
###...o.##.##.O..
........).....O...
........).#.#.....
..................
#.......).........
.#......○........


You could see a meat beast (fast, confused), a dread, a meat berserker (berserk)
and a bag of meat.

Vanquished Creatures
  9 vampire knights (D)
  11 ogres (D)
  3 two-headed ogres (D)
  28 orcs (D)
  4 skeletal warriors (D)
55 creatures vanquished.

Notes
Turn   | Place    | Note
-------+----------+-------------------------------------------
     0 | D        | Found the +∞ Axe of Woe
     0 | D        | smarlow the Djinni Warper began the quest for the Orb.
     0 | D        | Reached XP level 1. HP: 18/18 MP: 0/0
     1 | D        | Noticed a bag of meat
     1 | D        | Killed a bag of meat
     1 | D        | Noticed a meat berserker
     1 | D        | Noticed a bag of meat
     2 | D        | Reached skill level 10 in Dodging
     2 | D        | Reached skill level 15 in Spellcasting
     2 | D        | Reached XP level 2. HP: 34/34 MP: 0/0
     2 | D        | Reached XP level 3. HP: 40/40 MP: 0/0
     2 | D        | Learned a level 1 spell: Magic Dart
     2 | D        | Reached XP level 4. HP: 45/45 MP: 0/0
     2 | D        | Reached XP level 5. HP: 50/50 MP: 0/0
     2 | D        | Learned a level 2 spell: Wereblood
     2 | D        | Reached XP level 6. HP: 57/57 MP: 0/0
     2 | D        | Reached XP level 7. HP: 61/61 MP: 0/0
     2 | D        | Learned a level 3 spell: Tukima's Dance
     2 | D        | Reached XP level 8. HP: 67/67 MP: 0/0
     2 | D        | Reached XP level 9. HP: 73/73 MP: 0/0
     2 | D        | Learned a level 4 spell: Summon Ice Beast
     2 | D        | Reached XP level 10. HP: 78/78 MP: 0/0
     2 | D        | Reached XP level 11. HP: 84/84 MP: 0/0
     2 | D        | Learned a level 5 spell: Yara's Violent Unravelling
     2 | D        | Noticed a bag of meat
     4 | D        | Became a worshipper of Makhleb the Destroyer
     5 | D        | Killed a meat berserker
     6 | D        | Reached skill level 10 in Axes
     6 | D        | Reached XP level 12. HP: 95/95 MP: 0/0
     6 | D        | Reached XP level 13. HP: 100/100 MP: 0/0
     6 | D        | Learned a level 5 spell: Fireball
     6 | D        | Noticed a bag of meat
     7 | D        | Noticed a bag of meat
     7 | D        | Noticed a bag of meat
     8 | D        | Noticed a meat berserker
     9 | D        | Noticed a meat berserker
     9 | D        | Noticed a bag of meat
     9 | D        | Noticed a meat berserker
    10 | D        | Killed a bag of meat
    10 | D        | Reached * piety under Makhleb
    10 | D        | Noticed a large bag of meat
    11 | D        | Killed a meat berserker
    11 | D        | Noticed a large bag of meat
    11 | D        | Noticed a meat berserker
    12 | D        | Reached XP level 14. HP: 111/111 MP: 0/0
    12 | D        | Killed a bag of meat
    12 | D        | Noticed a bag of meat
    13 | D        | Killed a bag of meat
    13 | D        | Reached ** piety under Makhleb
    13 | D        | Killed a meat berserker
    13 | D        | Killed a meat berserker
    13 | D        | Noticed a meat berserker
    13 | D        | Noticed a bag of meat
    13 | D        | Noticed a bag of meat
    13 | D        | Noticed a bag of meat
    14 | D        | Reached skill level 15 in Axes
    14 | D        | Reached skill level 5 in Throwing
    14 | D        | Reached XP level 15. HP: 85/122 MP: 0/0
    14 | D        | Learned a level 6 spell: Dispersal
    14 | D        | Reached XP level 16. HP: 90/129 MP: 0/0
    14 | D        | Reached *** piety under Makhleb
    16 | D        | Reached skill level 27 in Spellcasting
    17 | D        | Noticed a large bag of meat
    18 | D        | Killed a meat berserker
    19 | D        | Reached XP level 17. HP: 38/139 MP: 0/0
    19 | D        | Learned a level 6 spell: Starburst
    19 | D        | Reached **** piety under Makhleb
    20 | D        | Reached skill level 10 in Armour
    20 | D        | Reached ***** piety under Makhleb
    20 | D        | Noticed a destroyer
    21 | D        | Reached XP level 18. HP: 144/157 MP: 0/0
    23 | D        | Reached skill level 27 in Axes
    23 | D        | Reached XP level 19. HP: 169/169 MP: 0/0
    23 | D        | Learned a level 7 spell: Monstrous Menagerie
    23 | D        | Killed a large bag of meat
    23 | D        | Reached ****** piety under Makhleb
    24 | D        | Reached skill level 27 in Fighting
    24 | D        | Reached skill level 27 in Dodging
    24 | D        | Noticed a large bag of meat
    25 | D        | Killed a large bag of meat
    26 | D        | Reached XP level 20. HP: 133/181 MP: 0/0
    26 | D        | Noticed a destroyer
    26 | D        | Noticed a meat berserker
    28 | D        | Noticed a destroyer
    30 | D        | Reached skill level 15 in Throwing
    30 | D        | Noticed a large bag of meat
    31 | D        | Killed a meat berserker
    32 | D        | Killed a destroyer
    33 | D        | Reached skill level 27 in Armour
    33 | D        | Noticed a destroyer
    33 | D        | Noticed a destroyer
    35 | D        | Noticed a meat berserker
    36 | D        | Killed a destroyer
    36 | D        | Killed a large bag of meat
    37 | D        | Reached XP level 21. HP: 141/187 MP: 0/0
    37 | D        | Learned a level 7 spell: Orb of Destruction
    37 | D        | Noticed a destroyer
    38 | D        | Reached skill level 27 in Throwing
    38 | D        | Killed a destroyer
    39 | D        | Reached skill level 5 in Short Blades
    39 | D        | Reached skill level 5 in Long Blades
    39 | D        | Reached skill level 5 in Staves
    39 | D        | Reached skill level 5 in Stealth
    39 | D        | Reached skill level 5 in Shields
    39 | D        | Reached skill level 5 in Unarmed Combat
    39 | D        | Reached skill level 5 in Invocations
    39 | D        | Reached skill level 5 in Evocations
    39 | D        | Noticed a destroyer
    40 | D        | Noticed a destroyer
    41 | D        | Reached skill level 5 in Maces & Flails
    41 | D        | Reached skill level 5 in Polearms
    41 | D        | Reached skill level 5 in Slings
    41 | D        | Reached skill level 5 in Bows
    41 | D        | Reached skill level 5 in Crossbows
    42 | D        | Killed a destroyer
    42 | D        | Noticed a meat berserker
    43 | D        | Reached XP level 22. HP: 193/194 MP: 0/0
    44 | D        | Killed a destroyer
    44 | D        | Killed a meat berserker
    44 | D        | Noticed a meat berserker
    46 | D        | Reached skill level 10 in Short Blades
    46 | D        | Reached skill level 10 in Long Blades
    46 | D        | Reached skill level 10 in Staves
    46 | D        | Reached skill level 10 in Stealth
    46 | D        | Reached skill level 10 in Shields
    46 | D        | Reached skill level 10 in Unarmed Combat
    46 | D        | Reached skill level 10 in Invocations
    46 | D        | Reached skill level 10 in Evocations
    46 | D        | Killed a destroyer
    47 | D        | Reached skill level 10 in Maces & Flails
    47 | D        | Reached skill level 10 in Polearms
    47 | D        | Reached skill level 10 in Slings
    47 | D        | Reached skill level 10 in Bows
    47 | D        | Reached skill level 10 in Crossbows
    47 | D        | Reached XP level 23. HP: 157/201 MP: 0/0
    47 | D        | Learned a level 7 spell: Storm Form
    48 | D        | Killed a destroyer
    50 | D        | Noticed a destroyer
    55 | D        | Reached XP level 24. HP: 198/208 MP: 0/0
    58 | D        | Reached skill level 15 in Short Blades
    58 | D        | Reached skill level 15 in Long Blades
    58 | D        | Reached skill level 15 in Staves
    58 | D        | Reached skill level 15 in Stealth
    58 | D        | Reached skill level 15 in Shields
    58 | D        | Reached skill level 15 in Unarmed Combat
    58 | D        | Reached skill level 15 in Invocations
    58 | D        | Reached skill level 15 in Evocations
    58 | D        | Noticed a dread
    58 | D        | Killed a destroyer
    59 | D        | Noticed a meat beast
    59 | D        | Killed a destroyer
    60 | D        | Reached skill level 15 in Maces & Flails
    60 | D        | Reached skill level 15 in Polearms
    60 | D        | Reached skill level 15 in Slings
    60 | D        | Reached skill level 15 in Bows
    60 | D        | Reached skill level 15 in Crossbows
    65 | D        | HP: 10/208 [meat beast (9)]
    65 | D        | HP: 4/208 [??? (1)]
    66 | D        | Mangled by a meat beast

Illustrated notes

Levels and vault maps discovered:
D:        meatsprint

Skill      XL: |  1  2  3  4  5  6  7  8  9 10 11 12 13 14 15 16 17 18 19 20 21 22 23 24 |
---------------+-------------------------------------------------------------------------+-----
Fighting       | 9 11 13 16 18 23 25 27 | 27.0
Axes           | 8 10 12 15 19 25 27 | 27.0
Throwing       | 3 4 5 6 8 9 14 26 27 | 27.0
Armour         | 2 3 6 8 11 13 22 27 | 27.0
Dodging        | 10 12 14 16 18 21 23 27 | 27.0
Spellcasting   | 15 19 22 26 27 | 27.0
Short Blades   | 7 11 14 16 | 16.6
Long Blades    | 7 11 14 16 | 16.6
Maces & Flails | 6 10 13 15 | 15.3
Polearms       | 6 10 13 15 | 15.3
Staves         | 7 11 14 16 | 16.6
Slings         | 6 10 13 15 | 15.3
Bows           | 6 10 13 15 | 15.3
Crossbows      | 6 10 13 15 | 15.4
Stealth        | 7 11 14 16 | 16.6
Shields        | 7 11 14 16 | 16.9
Unarmed Combat | 7 11 14 16 | 16.9
Invocations    | 7 11 14 17 | 17.0
Evocations     | 7 11 14 16 | 16.9

Action                   |  1- 3 |  4- 6 |  7- 9 | 10-12 | 13-15 | 16-18 | 19-21 | 22-24 || total
-------------------------+-------+-------+-------+-------+-------+-------+-------+-------++-------
Melee: Executioner's axe |     1 |       |       |     1 |     4 |     6 |    10 |    13 ||    35
 Cast: Dispersal         |       |       |       |       |       |     1 |       |     1 ||     2
       Starburst         |       |       |       |       |       |       |     1 |       ||     1
Armor: Leather armour    |       |       |       |       |       |       |       |     1 ||     1
Dodge: Dodged            |       |       |       |     1 |       |       |       |     1 ||     2
